[Event "Titled Tuesday Blitz May 4 2021"]
[White "Valdes Romero, Leonardo"]
[Black "The_filthy"]
[WhiteFideId "6500331"]
[WhiteElo "2497"]
[BlackElo "2408"]
[Result "0-1"]
[Round "05"]
[TimeControl "180+1"]
[Date "2021.05.04"]
[WhiteClock "0:00:22"]
[BlackClock "0:00:18"]

1. e4 e6 2. d4 d5 3. exd5 exd5 4. Bd3 Nf6 5. Nf3 Bg4 6. h3 Bh5 7. O-O Be7 8. Bg5 O-O 9. c3 c5 10. dxc5 Bxc5 11. Nbd2 Nc6 12. Qc2 h6 13. Bh4 Rc8 14. Rad1 Be7 15. Bf5 Rc7 16. Qb3 Na5 17. Qa4 Nc4 18. Qxa7 Nxd2 19. Rxd2 Bxf3 20. gxf3 Nh5 21. Bg3 Nxg3 22. Rfd1 Nxf5 23. Rxd5 Nd6 24. Qd4 Rc6 25. b3 Qc7 26. c4 Bf6 27. Qg4 Nxc4 28. bxc4 Rxc4 29. Qf5 Rc1 30. Kg2 Rxd1 31. Rxd1 Rd8 32. Rb1 Qd7 33. Qe4 b5 34. Rb3 Qd5 35. Qb4 Qg5+ 36. Qg4 Qxg4+ 37. hxg4 Rb8 38. f4 b4 39. Kf3 Bc3 40. a4 Ra8 41. Ke4 Rxa4 42. Rb1 Ra2 43. f3 Re2+ 44. Kd3 Re8 45. f5 g6 46. fxg6 fxg6 47. Rh1 Kg7 48. Rf1 g5 49. f4 Rf8 50. f5 Bf6 51. Kc4 Rb8 52. Kb3 h5 53. gxh5 Kh6 54. Rh1 g4 55. Rd1 Kxh5 56. Rg1 Kg5 57. Rf1 g3 58. Rg1 Kg4 59. Rf1 g2 60. Rd1 Kg3 0-1


[Site "https://www.chess.com"]

[Event "Titled Tuesday Blitz May 4 2021"]
[White "ValeriyGrinev"]
[Black "Davtyan, David Arm."]
[BlackFideId "13310046"]
[WhiteElo "2624"]
[BlackElo "2028"]
[Result "1-0"]
[Round "05"]
[TimeControl "180+1"]
[Date "2021.05.04"]
[WhiteClock "0:02:00"]
[BlackClock "0:00:02"]

1. c4 Nf6 2. Nc3 g6 3. e4 e5 4. Nf3 Bg7 5. Nxe5 O-O 6. Nf3 Re8 7. d3 d5 8. cxd5 Nxd5 9. Bd2 Nc6 10. Be2 Nb6 11. O-O Bg4 12. Be3 Qd7 13. Qd2 Rad8 14. Rad1 Qe7 15. Bg5 Bf6 16. Bxf6 Qxf6 17. Qe3 Bxf3 18. Bxf3 Nd4 19. Rd2 Nxf3+ 20. Qxf3 Qxf3 21. gxf3 Nc4 22. Rc2 Ne5 23. Nd5 Nxf3+ 24. Kg2 Rxd5 25. exd5 Ne1+ 26. Rxe1 Rxe1 27. Rxc7 Rd1 28. Rxb7 Rxd3 29. Rxa7 Rxd5 30. b4 Rg5+ 31. Kf1 Rh5 32. a4 Rh4 33. b5 Rb4 34. Ra6 Kg7 35. b6 Rxa4 36. Rxa4 1-0


[Site "https://www.chess.com"]

[Event "Titled Tuesday Blitz May 4 2021"]
[White "Valle Maytin, Luis Enrique"]
[Black "Voege, Tobias"]
[WhiteFideId "3503666"]
[BlackFideId "1270513"]
[WhiteElo "2311"]
[BlackElo "2283"]
[Result "1/2-1/2"]
[Round "05"]
[TimeControl "180+1"]
[Date "2021.05.04"]
[WhiteClock "0:00:08"]
[BlackClock "0:00:13"]

1. e4 c5 2. Nf3 Nc6 3. d4 cxd4 4. Nxd4 g6 5. Nc3 Bg7 6. Be3 Nf6 7. Bc4 O-O 8. O-O Nxe4 9. Nxe4 d5 10. Nxc6 bxc6 11. Bd3 dxe4 12. Bxe4 Ba6 13. Re1 Qc7 14. c3 Rfd8 15. Qf3 Bb7 16. Rad1 Rxd1 17. Rxd1 Rd8 18. h3 Rxd1+ 19. Qxd1 a5 20. a4 Ba6 21. Qf3 c5 22. Bc6 Qd6 23. Bb7 Bc4 24. Qc6 Qd1+ 25. Kh2 Be5+ 26. g3 Bd6 27. Bxc5 Bb3 28. Qe8+ Kg7 29. Bd4+ f6 30. Bc6 Qe2 31. Qd7 h5 32. h4 Be6 33. Qb7 Bc4 34. Bg2 Qc2 35. b4 axb4 36. cxb4 Qxa4 37. Bc5 Qb5 38. Qxb5 Bxb5 39. Bxd6 exd6 40. Bd5 Kf8 41. Kg2 g5 42. Kf3 gxh4 43. gxh4 Ke7 44. Kf4 Kd7 45. Kf5 Ke7 46. Kg6 Be2 47. f4 Bg4 48. b5 Kd7 49. b6 f5 50. b7 Kc7 51. Kf6 Bh3 52. Ke7 Bg4 53. b8=Q+ Kxb8 54. Kxd6 Kc8 55. Be6+ Kd8 56. Ke5 Ke7 57. Bxf5 Bd1 58. Bg6 Kf8 59. Kf5 Kg7 60. Kg5 Bb3 61. Bxh5 Bc2 62. Bg4 Bd3 63. h5 Be4 64. h6+ Kh8 65. Bf5 Bd5 66. Bg6 Be6 67. f5 Bxf5 68. Bxf5 Kg8 69. Kf6 Kh8 70. Bg6 Kg8 71. h7+ Kh8 72. Be8 Kxh7 1/2-1/2


[Site "https://www.chess.com"]

[Event "Titled Tuesday Blitz May 4 2021"]
[White "Van Foreest, Jorden"]
[Black "Vypkhaniuk, Ihor"]
[WhiteFideId "1039784"]
[BlackFideId "14112256"]
[WhiteElo "2622"]
[BlackElo "2368"]
[Result "1-0"]
[Round "05"]
[TimeControl "180+1"]
[Date "2021.05.04"]
[WhiteClock "0:02:12"]
[BlackClock "0:00:11"]

1. c4 c5 2. Nf3 g6 3. g3 Bg7 4. Bg2 Nc6 5. O-O d6 6. Nc3 e6 7. e3 Nge7 8. d4 O-O 9. h3 cxd4 10. exd4 d5 11. cxd5 Nxd5 12. Nxd5 exd5 13. Bf4 Qb6 14. Ne5 Nxe5 15. dxe5 1-0


[Site "https://www.chess.com"]

[Event "Titled Tuesday Blitz May 4 2021"]
[White "Vasquez Schroeder, Rodrigo"]
[Black "Yilmaz, Mustafa"]
[WhiteFideId "3400042"]
[BlackFideId "6302718"]
[WhiteElo "2572"]
[BlackElo "2518"]
[Result "0-1"]
[Round "05"]
[TimeControl "180+1"]
[Date "2021.05.04"]
[WhiteClock "0:01:13"]
[BlackClock "0:00:23"]

1. e4 c5 2. Nf3 Nc6 3. Bb5 e6 4. c3 Nge7 5. d4 cxd4 6. cxd4 a6 7. Bd3 Ng6 8. h4 Bb4+ 9. Kf1 h6 10. h5 Nge7 11. a3 Ba5 12. Nc3 d6 13. Ne2 O-O 14. b4 Bc7 15. Bb2 e5 16. d5 Nb8 17. Ng3 Bb6 18. Nh4 Nd7 19. Nhf5 Nf6 20. Qf3 Nxf5 21. Nxf5 Bxf5 22. Qxf5 Qc8 23. Qf3 Ng4 24. Rc1 Qd7 25. Qh3 f5 26. Rc2 fxe4 27. Bxe4 Ne3+ 28. Ke1 Nxc2+ 29. Bxc2 Qxh3 30. Rxh3 Rac8 0-1


[Site "https://www.chess.com"]

[Event "Titled Tuesday Blitz May 4 2021"]
[White "Veiga, Emerson de Sousa"]
[Black "Gabdushev, Ruslan"]
[WhiteFideId "2151898"]
[BlackFideId "4137833"]
[WhiteElo "2034"]
[BlackElo "2312"]
[Result "0-1"]
[Round "05"]
[TimeControl "180+1"]
[Date "2021.05.04"]
[WhiteClock "0:00:03"]
[BlackClock "0:00:26"]

1. e4 Nc6 2. d4 d5 3. e5 Bf5 4. Nf3 Qd7 5. c3 f6 6. b4 a6 7. Bf4 g5 8. Bg3 h5 9. h3 Nh6 10. Nbd2 Nf7 11. b5 axb5 12. Bxb5 h4 13. Bh2 g4 14. hxg4 Bxg4 15. Qb3 h3 16. Bg3 hxg2 17. Rxh8 Nxh8 18. O-O-O Bh6 19. Be2 Na5 20. Qc2 Nc4 21. Bxc4 Bxf3 22. Bd3 Bxd1 23. Qxd1 Rxa2 24. Bc2 Ra1+ 25. Bb1 Rxb1+ 26. Kxb1 Qb5+ 27. Nb3 Qf1 0-1


[Site "https://www.chess.com"]

[Event "Titled Tuesday Blitz May 4 2021"]
[White "Velickovic, Zoran"]
[Black "Remolar Gallen, Jose"]
[WhiteFideId "14601184"]
[BlackFideId "2215187"]
[WhiteElo "2345"]
[BlackElo "2203"]
[Result "1-0"]
[Round "05"]
[TimeControl "180+1"]
[Date "2021.05.04"]
[WhiteClock "0:00:44"]
[BlackClock "0:00:29"]

1. Nf3 Nf6 2. g3 g6 3. c4 Bg7 4. Bg2 O-O 5. O-O d6 6. d4 Nc6 7. Nc3 a6 8. h3 Rb8 9. e4 Bd7 10. Qe2 e5 11. Be3 Re8 12. d5 Nd4 13. Nxd4 exd4 14. Bxd4 Nxe4 15. Bxg7 Nxc3 16. Qxe8+ Bxe8 17. Bxc3 b5 18. cxb5 Bxb5 19. Rfe1 Bc4 20. Re3 Qd7 21. b3 Bxd5 22. Bxd5 c6 23. Bg2 d5 24. Bd4 Rc8 25. Rae1 c5 26. Re7 Qc6 27. Bxd5 Qd6 28. Re8+ 1-0


[Site "https://www.chess.com"]

[Event "Titled Tuesday Blitz May 4 2021"]
[White "Vignesh, N R"]
[Black "Yurtseven, Melih"]
[WhiteFideId "25012215"]
[BlackFideId "6312160"]
[WhiteElo "2401"]
[BlackElo "2160"]
[Result "1-0"]
[Round "05"]
[TimeControl "180+1"]
[Date "2021.05.04"]
[WhiteClock "0:00:26"]
[BlackClock "0:00:02"]

1. c4 e6 2. g3 d5 3. Bg2 Nf6 4. Nf3 a6 5. b3 b5 6. O-O Bb7 7. Bb2 dxc4 8. bxc4 Be7 9. Qc2 O-O 10. d3 c5 11. Nbd2 b4 12. Nb3 a5 13. d4 Be4 14. Qc1 Nbd7 15. Rd1 a4 16. Nxc5 a3 17. Nxe4 axb2 18. Nxf6+ Bxf6 19. Qxb2 Qa5 20. e3 Rfc8 21. Nd2 Rab8 22. Ne4 Be7 23. c5 Nf6 24. Nd2 Qb5 25. Rab1 Nd5 26. Bxd5 exd5 27. a3 b3 28. Qxb3 Qe2 29. Qxd5 Rxb1 30. Rxb1 Qxd2 31. Qd7 Rf8 32. Qxe7 Qd3 33. Rb7 Qxa3 34. Kg2 Qc1 35. Qe4 Qc4 36. Re7 h5 37. Re8 Rxe8 38. Qxe8+ Kh7 39. Qe4+ g6 40. c6 Kg8 41. h4 Kh7 42. Qf3 Kg7 43. d5 Qc5 44. e4 f6 45. Qf4 Qc4 46. c7 Qc5 47. d6 Qc6 48. Kh2 Kf7 49. e5 f5 50. Qg5 Ke6 51. Qe7+ Kd5 52. d7 Qc2 53. d8=Q+ Ke4 54. Qb4+ Kf3 55. Qd5+ 1-0


[Site "https://www.chess.com"]

[Event "Titled Tuesday Blitz May 4 2021"]
[White "Vivas Zamora, Fabian Ernesto"]
[Black "Zverev, Lev"]
[WhiteFideId "3902480"]
[BlackFideId "24250775"]
[WhiteElo "1966"]
[BlackElo "2107"]
[Result "0-1"]
[Round "05"]
[TimeControl "180+1"]
[Date "2021.05.04"]
[WhiteClock "0:00:01"]
[BlackClock "0:00:05"]

1. c4 Nf6 2. Nc3 e5 3. Nf3 Nc6 4. e4 Bc5 5. Nxe5 Nxe5 6. d4 Bxd4 7. Qxd4 Nc6 8. Qd3 O-O 9. Bg5 h6 10. Bh4 d6 11. f4 Ne7 12. Bxf6 gxf6 13. h4 f5 14. O-O-O fxe4 15. Nxe4 Bf5 16. Nf6+ Kh8 17. Qc3 Nc6 18. g4 Bh7 19. g5 a5 20. Nxh7+ Kxh7 21. Bd3+ Kg8 22. gxh6 f6 23. Bb1 Qe7 24. Rhg1+ Kh8 25. Rg7 Rf7 26. Rdg1 Re8 27. Qd3 f5 28. Qc3 Ne5 29. fxe5 dxe5 30. Bxf5 Qf6 31. Qg3 Qxh6+ 32. Qg5 Qxg7 33. Qh5+ Kg8 34. Rxg7+ Kxg7 35. Qg5+ Kf8 36. h5 Rg7 37. Qg6 Rxg6 38. Bxg6 Rd8 39. Be4 Kg7 40. Bxb7 Rd6 41. Bd5 Rf6 0-1


[Site "https://www.chess.com"]

[Event "Titled Tuesday Blitz May 4 2021"]
[White "Vukovic, Zdravko"]
[Black "Rustemov, Alexander"]
[WhiteFideId "900877"]
[BlackFideId "4119002"]
[WhiteElo "2484"]
[BlackElo "2611"]
[Result "1-0"]
[Round "05"]
[TimeControl "180+1"]
[Date "2021.05.04"]
[WhiteClock "0:01:17"]
[BlackClock "0:01:30"]

1. e4 e6 2. d4 d5 3. Nc3 Bb4 4. exd5 exd5 5. Bd3 Nc6 6. Ne2 Nge7 7. Bg5 f6 8. Bf4 Bf5 9. O-O Qd7 10. Bxf5 Nxf5 11. Qd3 O-O-O 12. Nb5 Ba5 13. b4 Nxb4 14. Nxa7+ Kb8 15. Qa3 b6 16. Rab1 Kxa7 17. Rxb4 Ra8 18. Rfb1 Kb7 19. Rb5 Bd2 20. Qc5 Bxf4 21. Rxb6+ cxb6 22. Rxb6+ Ka7 23. Qa5# 1-0


[Site "https://www.chess.com"]

[Event "Titled Tuesday Blitz May 4 2021"]
[White "Wagh Suyog"]
[Black "Jacobson, Brandon"]
[WhiteFideId "25071688"]
[BlackFideId "30901561"]
[WhiteElo "2219"]
[BlackElo "2362"]
[Result "1/2-1/2"]
[Round "05"]
[TimeControl "180+1"]
[Date "2021.05.04"]
[WhiteClock "0:00:07"]
[BlackClock "0:00:02"]

1. d4 d5 2. c4 e6 3. Nf3 Nf6 4. Nc3 h6 5. Bf4 dxc4 6. e4 Bb4 7. Bxc4 Nxe4 8. O-O Bxc3 9. bxc3 Nxc3 10. Qc2 Nd5 11. Bxd5 Qxd5 12. Bxc7 Nc6 13. Rfd1 b6 14. Ne5 Bb7 15. Nxc6 Bxc6 16. f3 Rc8 17. Be5 O-O 18. Qf2 f6 19. Bf4 Ba4 20. Rdc1 Rfd8 21. Be3 b5 22. h4 Rc4 23. Qg3 Rdc8 24. Rxc4 Rxc4 25. Qb8+ Kh7 26. Qxa7 Rc2 27. Qb8 Rxa2 28. Re1 Qc4 29. Bf2 Qc2 30. Qg3 Bb3 31. h5 Bd5 32. Be3 b4 33. Rc1 Qf5 34. Rc7 Ra1+ 35. Kf2 Ra2+ 36. Kg1 Ra1+ 37. Kf2 Ra2+ 38. Kg1 1/2-1/2


[Site "https://www.chess.com"]

[Event "Titled Tuesday Blitz May 4 2021"]
[White "Wagner, Dennis"]
[Black "Golubev, Mikhail"]
[WhiteFideId "24650684"]
[BlackFideId "14100983"]
[WhiteElo "2355"]
[BlackElo "2374"]
[Result "0-1"]
[Round "05"]
[TimeControl "180+1"]
[Date "2021.05.04"]
[WhiteClock "0:00:04"]
[BlackClock "0:00:15"]

1. e4 c5 2. Nf3 d6 3. Bb5+ Nc6 4. O-O Bd7 5. c3 Nf6 6. Re1 a6 7. Bxc6 Bxc6 8. d4 cxd4 9. cxd4 Bxe4 10. Nc3 Bxf3 11. Qxf3 e6 12. Qxb7 Qc8 13. Qf3 Be7 14. d5 e5 15. Nd1 Qg4 16. Qxg4 Nxg4 17. b3 Kd7 18. h3 Nf6 19. Ne3 g6 20. Rd1 Rhc8 21. Nc4 Bd8 22. Bg5 Rab8 23. Rac1 Rb5 24. Bxf6 Bxf6 25. Rc2 Rcc5 26. Kf1 Bd8 27. Ne3 Bb6 28. Ke2 Rxc2+ 29. Nxc2 Rc5 30. Ne3 Ra5 31. Rd2 Bxe3 32. Kxe3 Rc5 33. g4 f5 34. gxf5 gxf5 35. Kf3 Rc3+ 36. Kg2 Kc7 37. f4 e4 38. h4 Rf3 39. h5 Rxf4 40. Rc2+ Kd7 41. Rc6 e3 42. Rc2 Re4 43. Kf1 f4 44. Ke2 Re5 45. Rc6 Rxd5 46. Rxa6 Rd2+ 47. Kf3 Rf2+ 48. Ke4 e2 49. Kd5 e1=Q 50. Ra7+ Ke8 51. Rxh7 Rd2+ 52. Kc6 Qe4+ 0-1


[Site "https://www.chess.com"]

[Event "Titled Tuesday Blitz May 4 2021"]
[White "Ward-Tsh"]
[Black "Krivonosov, Oleg"]
[BlackFideId "11600349"]
[WhiteElo "2530"]
[BlackElo "2469"]
[Result "1/2-1/2"]
[Round "05"]
[TimeControl "180+1"]
[Date "2021.05.04"]
[WhiteClock "0:01:30"]
[BlackClock "0:00:28"]

1. e4 e5 2. Nf3 Nc6 3. Bb5 Nf6 4. O-O Nxe4 5. d4 Nd6 6. Bxc6 dxc6 7. dxe5 Nf5 8. Qxd8+ Kxd8 9. Nc3 Be7 10. Ne4 Ke8 11. b3 Nh4 12. Nxh4 Bxh4 13. Bg5 Bxg5 14. Nxg5 Bf5 15. c4 Ke7 16. Rad1 Rhd8 17. f4 Bc2 18. Rc1 Bf5 19. Rfd1 a5 20. Nf3 c5 21. Kf2 a4 22. Rxd8 Rxd8 23. bxa4 Ra8 24. a3 Rxa4 25. Rc3 Be6 26. Nd2 f6 27. exf6+ gxf6 28. h3 h5 29. Ke3 b6 30. Kd3 Ra8 31. Nf3 Rg8 32. Nh4 Rg3+ 33. Kd2 Rxc3 34. Kxc3 f5 35. Nf3 Kd6 36. Ne5 c6 37. Kd3 b5 38. Kc3 Bg8 39. g4 hxg4 40. hxg4 fxg4 41. cxb5 cxb5 42. Nxg4 Be6 43. Ne3 Bf7 44. Nf5+ Kd5 45. Kb2 Be6 46. Ng3 Kd4 47. f5 Bf7 48. f6 Ke5 49. Kc3 b4+ 50. axb4 cxb4+ 51. Kxb4 Kxf6 1/2-1/2


[Site "https://www.chess.com"]

[Event "Titled Tuesday Blitz May 4 2021"]
[White "Weetik, Vjacheslav"]
[Black "Pantzar, Milton"]
[WhiteFideId "4153472"]
[BlackFideId "1721003"]
[WhiteElo "2469"]
[BlackElo "2323"]
[Result "1-0"]
[Round "05"]
[TimeControl "180+1"]
[Date "2021.05.04"]
[WhiteClock "0:00:53"]
[BlackClock "0:00:04"]

1. d4 d5 2. Bf4 e6 3. e3 Bd6 4. Bg3 Nf6 5. Nf3 O-O 6. Bd3 b6 7. Qe2 c5 8. c3 a5 9. Nbd2 Ba6 10. Bxa6 Nxa6 11. Rd1 Be7 12. e4 cxd4 13. Nxd4 Qc8 14. Bh4 dxe4 15. Nxe4 Nxe4 16. Bxe7 Re8 17. Qxe4 Rxe7 18. Nf5 Rc7 19. Nd6 Qf8 20. O-O Nc5 21. Qf3 Rd8 22. Nc4 Rb7 23. Rxd8 Qxd8 24. Rd1 Rd7 25. Rxd7 Nxd7 26. h3 h6 27. Qc6 g6 28. a4 h5 29. Qd6 Kg7 30. Ne5 1-0


[Site "https://www.chess.com"]

[Event "Titled Tuesday Blitz May 4 2021"]
[White "WelshTiger"]
[Black "Kovacs, Klara"]
[BlackFideId "733210"]
[WhiteElo "2475"]
[BlackElo "2120"]
[Result "1-0"]
[Round "05"]
[TimeControl "180+1"]
[Date "2021.05.04"]
[WhiteClock "0:00:09"]
[BlackClock "0:00:25"]

1. d4 Nf6 2. Nf3 e6 3. Bg5 Be7 4. Nbd2 c5 5. e3 cxd4 6. exd4 b6 7. Bd3 Bb7 8. O-O O-O 9. Qe2 d6 10. Rfe1 Nbd7 11. Nf1 a6 12. Ng3 b5 13. Rad1 Rc8 14. c3 Re8 15. Nd2 h6 16. Bxf6 Nxf6 17. Nde4 Nxe4 18. Nxe4 Qb6 19. Bb1 a5 20. Qd3 g6 21. Qg3 b4 22. h4 bxc3 23. bxc3 d5 24. Nd2 Qc7 25. Qh3 Qxc3 26. Re3 Qxd4 27. h5 Bg5 28. Rd3 Qf6 29. hxg6 fxg6 30. Nf3 Kg7 31. Nxg5 Qxg5 32. Rg3 Qf4 33. Rxg6+ Kf7 34. Rxh6 Rg8 35. Rh7+ Rg7 36. Rxg7+ Kxg7 37. Qh7+ Kf6 38. g3 Qf3 39. Re1 Ba6 40. Qg6+ Ke7 41. Qxe6+ Kd8 42. Qe7# 1-0


[Site "https://www.chess.com"]

[Event "Titled Tuesday Blitz May 4 2021"]
[White "Williams, Simon K"]
[Black "Moskalenko, Alexander"]
[WhiteFideId "404454"]
[BlackFideId "4155351"]
[WhiteElo "2468"]
[BlackElo "2495"]
[Result "1-0"]
[Round "05"]
[TimeControl "180+1"]
[Date "2021.05.04"]
[WhiteClock "0:02:17"]
[BlackClock "0:01:36"]

1. c4 e5 2. Nc3 Bb4 3. g3 Bxc3 4. dxc3 Nf6 5. Bg2 Nc6 6. e4 b6 7. f3 O-O 8. Nh3 d6 9. Nf2 Be6 10. b3 Nd7 11. O-O f5 12. exf5 Bxf5 13. Qd5+ Kh8 14. Qxc6 Nc5 15. Qd5 1-0


[Site "https://www.chess.com"]

[Event "Titled Tuesday Blitz May 4 2021"]
[White "Wilson, Elvin"]
[Black "Suvorov, Luca"]
[WhiteFideId "2014874"]
[BlackFideId "12977071"]
[WhiteElo "2245"]
[BlackElo "2127"]
[Result "1-0"]
[Round "05"]
[TimeControl "180+1"]
[Date "2021.05.04"]
[WhiteClock "0:00:02"]
[BlackClock "0:00:01"]

1. c4 Nf6 2. g3 e6 3. Bg2 d5 4. Nf3 c5 5. O-O Nc6 6. b3 d4 7. e3 e5 8. exd4 cxd4 9. Re1 Bd6 10. c5 Bc7 11. b4 a6 12. d3 O-O 13. a3 Re8 14. Bg5 h6 15. Bxf6 Qxf6 16. Nbd2 Be6 17. Rb1 Bd5 18. Qc2 g5 19. a4 a5 20. bxa5 Bxa5 21. Ne4 Qe7 22. Re2 Bxe4 23. Rxe4 f5 24. Re2 e4 25. dxe4 Rad8 26. exf5 Qxe2 27. Qb3+ Kh8 28. Qf7 Qe7 29. Qg6 Qg7 30. Qh5 d3 31. Rd1 d2 32. Bf1 Nd4 33. Nxd4 Rxd4 34. Qxe8+ Kh7 35. f6 Qxf6 36. Qe2 Qf5 37. Qb5 Bc3 38. Qb3 Ba5 39. Qxb7+ Kg8 40. Qb2 1-0


[Site "https://www.chess.com"]

[Event "Titled Tuesday Blitz May 4 2021"]
[White "Wu, Christopher"]
[Black "Pein, Jonathan"]
[WhiteFideId "2040875"]
[BlackFideId "417092"]
[WhiteElo "2610"]
[BlackElo "2167"]
[Result "1-0"]
[Round "05"]
[TimeControl "180+1"]
[Date "2021.05.04"]
[WhiteClock "0:02:02"]
[BlackClock "0:01:45"]

1. e4 d5 2. exd5 Qxd5 3. Nc3 Qd6 4. d4 Nf6 5. Nf3 a6 6. Ne5 e6 7. f4 c5 8. Be3 Nc6 9. dxc5 Qxd1+ 10. Rxd1 Nxe5 11. fxe5 Nd7 12. Ne4 Nxe5 13. Be2 Bd7 14. O-O Bc6 15. Ng5 h6 16. Nxf7 Nxf7 17. Bh5 Bd7 18. Rxf7 Be7 19. Rxg7+ Kd8 20. c6 bxc6 21. Bb6+ Kc8 22. Rxe7 1-0


[Site "https://www.chess.com"]

[Event "Titled Tuesday Blitz May 4 2021"]
[White "Yeremyan, Alen"]
[Black "Kollars, Dmitrij"]
[WhiteFideId "13308998"]
[BlackFideId "12909572"]
[WhiteElo "2158"]
[BlackElo "2576"]
[Result "1/2-1/2"]
[Round "05"]
[TimeControl "180+1"]
[Date "2021.05.04"]
[WhiteClock "0:00:17"]
[BlackClock "0:00:14"]

1. d4 Nf6 2. Nf3 e6 3. e3 c5 4. Bd3 d5 5. O-O Nc6 6. b3 cxd4 7. exd4 Bd6 8. Bb2 Qc7 9. a3 O-O 10. Qe2 b6 11. Nbd2 Bb7 12. Ne5 Nd7 13. f4 Rae8 14. Rae1 f5 15. Rc1 Ndxe5 16. dxe5 Bc5+ 17. Kh1 a5 18. Nf3 Kh8 19. Ng5 h6 20. Nf3 Qe7 21. Ra1 Rg8 22. c3 Qf7 23. b4 Be7 24. Bc1 d4 25. b5 Nd8 26. Nxd4 g5 27. fxg5 Bxg5 28. Bxg5 Rxg5 29. Rf2 Reg8 30. Rg1 Qg6 31. Nf3 Rg4 32. Qe3 Nf7 33. Be2 Qh5 34. Ne1 Qg5 35. Qxg5 R4xg5 36. Bf3 Bc8 37. Nd3 Bd7 38. c4 Rc8 39. Rc1 Rgg8 40. a4 Ng5 41. c5 bxc5 42. Rxc5 Rgd8 43. Bb7 Rxc5 44. Nxc5 Bxb5 45. h4 Bc4 46. hxg5 hxg5 47. Ba6 Bxa6 48. Nxa6 g4 49. Nc5 g3 50. Rf1 Rd5 51. Nxe6 Rxe5 52. Nf4 Kg7 53. Nh5+ Kg6 54. Nxg3 Kg5 55. Kg1 Kg4 56. Nh1 f4 57. Nf2+ Kg5 58. Nd3 Re4 59. Rxf4 Rxf4 60. Nxf4 Kxf4 61. Kf2 Kg4 62. g3 Kg5 63. Kf3 Kf5 64. g4+ Kg5 65. Kg3 Kg6 66. Kf4 Kf6 67. g5+ Kg6 68. Kg4 Kg7 69. Kf5 Kf7 70. Ke5 Kg6 71. Kd5 Kxg5 72. Kc5 Kf6 73. Kb5 Ke7 74. Kxa5 Kd7 75. Kb6 Kc8 76. a5 Kb8 77. a6 Ka8 78. a7 1/2-1/2


[Site "https://www.chess.com"]

[Event "Titled Tuesday Blitz May 4 2021"]
[White "Yoo, Christopher Woojin"]
[Black "Real De Azua, Ernesto"]
[WhiteFideId "30909694"]
[BlackFideId "108154"]
[WhiteElo "2009"]
[BlackElo "2476"]
[Result "1-0"]
[Round "05"]
[TimeControl "180+1"]
[Date "2021.05.04"]
[WhiteClock "0:00:57"]
[BlackClock "0:00:03"]

1. d4 Nf6 2. Nf3 e6 3. c4 d5 4. Nc3 Bb4 5. Qb3 c5 6. dxc5 Na6 7. Bg5 h6 8. Bxf6 Qxf6 9. cxd5 exd5 10. e3 Bxc3+ 11. bxc3 Nxc5 12. Bb5+ Ke7 13. Qa3 Qd6 14. O-O Be6 15. Nd4 Rhc8 16. f3 a6 17. Be2 Nd7 18. Qb2 Rc7 19. Rad1 Qc5 20. c4 Kf8 21. cxd5 Bxd5 22. Rc1 Qa5 23. Nf5 Nf6 24. Rxc7 Qxc7 25. Rc1 Qd8 26. Qb4+ Kg8 27. Rd1 Kh8 28. e4 Qc8 29. exd5 Qxf5 30. Qxb7 Re8 31. Bf1 Qf4 32. Qxf7 Qe3+ 33. Kh1 Qf2 34. d6 Re1 35. Rxe1 Qxe1 36. Qc4 Qd1 37. Qxa6 Nd5 38. Qd3 1-0


[Site "https://www.chess.com"]

[Event "Titled Tuesday Blitz May 4 2021"]
[White "Zemach, Roee"]
[Black "Almeida Junior, Alvaro Alves de"]
[WhiteFideId "2818531"]
[BlackFideId "2149974"]
[WhiteElo "2131"]
[BlackElo "2097"]
[Result "1/2-1/2"]
[Round "05"]
[TimeControl "180+1"]
[Date "2021.05.04"]
[WhiteClock "0:00:38"]
[BlackClock "0:00:16"]

1. d4 Nf6 2. c4 g6 3. g3 d5 4. cxd5 Nxd5 5. Nf3 Bg7 6. Bg2 O-O 7. O-O c6 8. Nc3 Nd7 9. e4 Nxc3 10. bxc3 c5 11. Be3 Nf6 12. e5 Nd5 13. Bd2 cxd4 14. cxd4 b6 15. a4 a6 16. Qb3 Bb7 17. Rab1 Rc8 18. Ng5 h6 19. Ne4 Qd7 20. Rfc1 Rxc1+ 21. Rxc1 Rc8 22. Rxc8+ Qxc8 23. Nc3 Nxc3 24. Qxc3 Qxc3 25. Bxc3 Bxg2 26. Kxg2 e6 27. Kf3 Kf8 28. Ke4 Ke8 29. d5 exd5+ 30. Kxd5 Kd7 31. Bb4 h5 32. h3 Bh6 33. f4 h4 34. Be1 hxg3 35. Bxg3 Bf8 36. Bf2 b5 37. axb5 axb5 38. Bc5 Bxc5 39. Kxc5 Ke6 40. Kxb5 Kf5 41. Kc6 Kxf4 42. Kd6 Kf5 43. Ke7 Kxe5 44. Kxf7 Kf5 45. Kg7 Kg5 46. Kf7 Kh5 47. Kf6 g5 48. Kf5 Kh4 49. Kf6 Kxh3 50. Kxg5 1/2-1/2


[Site "https://www.chess.com"]

[Event "Titled Tuesday Blitz May 4 2021"]
[White "Zhigalko, Sergei"]
[Black "Banawa, Joel"]
[WhiteFideId "13502956"]
[BlackFideId "2024055"]
[WhiteElo "2662"]
[BlackElo "2689"]
[Result "1/2-1/2"]
[Round "05"]
[TimeControl "180+1"]
[Date "2021.05.04"]
[WhiteClock "0:00:12"]
[BlackClock "0:00:09"]

1. e4 e5 2. Nf3 Nc6 3. Bc4 Nf6 4. Ng5 d5 5. exd5 Nd4 6. c3 b5 7. Bf1 Nxd5 8. cxd4 Qxg5 9. Bxb5+ Kd8 10. O-O Bb7 11. Qf3 Rb8 12. dxe5 Ne3 13. Qh3 Qxg2+ 14. Qxg2 Nxg2 15. d4 Be7 16. Be2 Nh4 17. d5 Ng6 18. f4 Bc5+ 19. Kg2 Bxd5+ 20. Kg3 Ke7 21. Nc3 Ba8 22. h4 Nf8 23. f5 Nd7 24. f6+ gxf6 25. exf6+ Kd8 26. Bf3 Rg8+ 27. Kh3 Bxf3 28. Rxf3 Rg1 29. b3 Rb4 30. Bb2 Rh1+ 31. Kg2 Rxa1 32. Bxa1 Rxh4 33. Ne2 Bd6 34. Kf1 Rh1+ 35. Ng1 Bc5 36. Rg3 Rxg1+ 37. Rxg1 Bxg1 38. Kxg1 Nc5 39. Bd4 Ne4 40. Bxa7 Nxf6 41. Kg2 Kd7 42. Kf3 Kc6 43. Kf4 Nd5+ 44. Kg5 Kb5 45. Kh6 c5 46. Kxh7 f5 47. Bb8 f4 48. Kg6 f3 49. Bg3 Nf4+ 50. Kf5 Nd3 51. Ke4 f2 52. Bxf2 Nxf2+ 53. Ke3 Ng4+ 54. Ke4 Nf6+ 55. Ke5 Nd7+ 56. Kd5 Nb6+ 57. Kd6 Nc8+ 58. Ke6 Kb4 59. Kd7 Na7 60. Kc7 Nb5+ 61. Kb6 Na3 62. Kc6 Nc2 63. Kb6 Nd4 64. a3+ Kxb3 65. Kxc5 Ne6+ 66. Kd5 Nf4+ 67. Ke5 Ng6+ 68. Kf5 Nh4+ 69. Kf6 Ka4 70. Ke6 Nf3 71. Kf7 Nd2 72. Kf8 Nc4 73. Kf7 Na5 74. Kf8 Kxa3 1/2-1/2


[Site "https://www.chess.com"]

[Event "Titled Tuesday Blitz May 4 2021"]
[White "Zhou, Qiyu"]
[Black "Noboa Silva, Kevin"]
[WhiteFideId "505161"]
[BlackFideId "3618471"]
[WhiteElo "1925"]
[BlackElo "2161"]
[Result "1-0"]
[Round "05"]
[TimeControl "180+1"]
[Date "2021.05.04"]
[WhiteClock "0:00:09"]
[BlackClock "0:00:04"]

1. e4 e6 2. d4 d5 3. Nc3 Nf6 4. e5 Nfd7 5. f4 c5 6. Nf3 Nc6 7. Be3 Be7 8. Qd2 a6 9. dxc5 Nxc5 10. O-O-O b5 11. Nd4 Nxd4 12. Bxd4 b4 13. Ne2 Ne4 14. Qe3 Qa5 15. Kb1 Bd7 16. Nc1 Rb8 17. Nb3 Qa4 18. Bd3 Bc6 19. Bxe4 dxe4 20. Bc5 Bd5 21. Bxe7 Kxe7 22. Qc5+ Ke8 23. f5 Qd7 24. fxe6 fxe6 25. Rhf1 Qe7 26. Qa5 Rf8 27. Qxa6 Rxf1 28. Rxf1 e3 29. Qe2 Qa7 30. Qh5+ g6 31. Qh6 Qe7 32. Qxe3 Ra8 33. Qb6 Qd7 34. Qc5 Qe7 35. Qb5+ Kd8 36. Na5 Rc8 37. b3 Rc7 38. Nc4 Bxc4 39. bxc4 Rd7 40. Qb8# 1-0


[Site "https://www.chess.com"]

[Event "Titled Tuesday Blitz May 4 2021"]
[White "Zhukov, Anton"]
[Black "Bellahcene, Bilel"]
[WhiteFideId "34187534"]
[BlackFideId "696358"]
[WhiteElo "2172"]
[BlackElo "2493"]
[Result "0-1"]
[Round "05"]
[TimeControl "180+1"]
[Date "2021.05.04"]
[WhiteClock "0:00:17"]
[BlackClock "0:00:35"]

1. d4 Nf6 2. c4 e6 3. Nf3 Bb4+ 4. Bd2 c5 5. Bxb4 cxb4 6. e3 O-O 7. Nbd2 d6 8. Bd3 a5 9. O-O Nc6 10. Qc2 e5 11. Ne4 h6 12. h3 Re8 13. Rfd1 Nxe4 14. Bxe4 Qf6 15. c5 exd4 16. exd4 dxc5 17. Bxc6 bxc6 18. Qxc5 Bxh3 19. Ne5 Qg5 20. Qxc6 Rad8 21. Qf3 Be6 22. a3 Bd5 23. Qg3 Qxg3 24. fxg3 f6 25. Nf3 Re2 26. axb4 axb4 27. Ra7 Rc8 28. Ne1 Rxb2 29. Rd7 Be4 30. Ra1 b3 31. Raa7 Re2 32. Rxg7+ Kh8 33. Kf1 Rxe1+ 34. Kxe1 b2 35. Rgb7 Bxb7 36. Rxb7 Rc1+ 37. Kd2 b1=Q 0-1


[Site "https://www.chess.com"]